 Dungeon Crawl Stone Soup version 0.22.1-2-g9c5b331 (webtiles) character file.

23 whitewolfNL the Cudgeler (level 2, -2/27 HPs)
             Began as a Minotaur Berserker on Dec 2, 2018.
             Was a Follower of Trog.
             Slain by an adder (5 damage)
             ... on level 2 of the Dungeon.
             The game lasted 00:01:42 (709 turns).

whitewolfNL the Cudgeler (Minotaur Berserker)        Turns: 709, Time: 00:01:42

Health: -2/27      AC:  3    Str: 21    XL:     2   Next: 75%
Magic:  1/1        EV: 12    Int:  4    God:    Trog [*.....]
Gold:   27         SH:  0    Dex:  9    Spells: 1/1 levels left

rFire    . . .     SeeInvis .   a - +0 mace
rCold    . . .     Gourm    .   (no shield)
rNeg     . . .     Faith    .   b - +0 animal skin
rPois    .         Spirit   .   (helmet restricted)
rElec    .         Reflect  .   (no cloak)
rCorr    .         Harm     .   (no gloves)
MR       .....                  d - +0 pair of boots
Stlth    +.........             (no amulet)
HPRegen  0.09/turn              (no ring)
MPRegen  0.07/turn              (no ring)

@: berserk cooldown, slowed, very slow
A: retaliatory headbutt, horns 2
a: Berserk, Renounce Religion


You were on level 2 of the Dungeon.
You worshipped Trog.
Trog was aware of your devotion.
You were not hungry.

You visited 1 branch of the dungeon, and saw 2 of its levels.

You collected 27 gold pieces.

Inventory:

Hand Weapons
 a - a +0 mace (weapon)
Missiles
 k - 26 bolts
Armour
 b - a +0 animal skin (worn)
 d - a +0 pair of boots (worn)
Scrolls
 f - a scroll of teleportation {unknown}
 g - a scroll of enchant armour {unknown}
 i - 2 scrolls of identify {unknown}
Potions
 e - a potion of agility {unknown}
 h - a potion of haste {unknown}
Comestibles
 c - 3 rations
 j - a chunk of flesh


   Skills:
 + Level 3.9 Fighting
 * Level 4.2 Maces & Flails
 * Level 2.6 Armour
 * Level 2.4 Dodging
 * Level 0.4 Stealth


You had one spell level left.
You didn't know any spells.
Your spell library was empty.

Dungeon Overview and Level Annotations

Branches:
Dungeon (2/15)

Altars:

Annotations:
D:2 Robin


Innate Abilities, Weirdness & Mutations

You reflexively headbutt those who attack you in melee.
You have a pair of horns on your head.


Message History

The goblin barely misses you. The goblin misses you. You furiously retaliate!
You headbutt the goblin. Robin hits you but does no damage.
The goblin hits you but does no damage. The hobgoblin closely misses you.
The goblin hits you. The goblin closely misses you.
You hit the goblin.
You kill the goblin!
Trog accepts your kill. The goblin closely misses you.
The goblin hits you but does no damage. The hobgoblin hits you.
The goblin barely misses you. Robin throws the goblin at you!
The goblin barely misses you. The goblin hits you but does no damage.
The goblin barely misses you.
The hobgoblin hits you but does no damage.
The goblin barely misses you. You furiously retaliate!
You headbutt the goblin!
You kill the goblin!
Trog accepts your kill.
You hit the goblin but do no damage. Robin hits you but does no damage.
The goblin hits you with a club!
* * * LOW HITPOINT WARNING * * *
The goblin closely misses you. The adder bites you.
You die...

#> #. ## # #. .. ..
.###. .# .... ..#
####### #g. ..
.....# ##g♣_♣ [#
#...# #g@g♣...#
####...####ggS....#
##...........#.#####
#...[.....)###.#
#..).......# .#
#.###...#.## .# #
#..<#.# .. #...#.#
.. ##.##.#


You could see Robin, an adder, a hobgoblin and 4 goblins.

Vanquished Creatures
  An ooze (D:1)
  A dart slug (D:1)
  A leopard gecko (D:1)
  5 goblins
  2 hobgoblins (D:2)
  3 bats (D:1)
  A frilled lizard (D:1)
  A rat (D:1)
15 creatures vanquished.

Notes
Turn   | Place    | Note
-------+----------+-------------------------------------------
     0 | D:1      | whitewolfNL the Minotaur Berserker began the quest for the
                  | Orb.
     0 | D:1      | Reached XP level 1. HP: 19/19 MP: 0/0
   114 | D:1      | Reached skill level 4 in Maces & Flails
   114 | D:1      | Reached XP level 2. HP: 16/27 MP: 1/1
   694 | D:2      | Found a faded altar of an unknown god.
   699 | D:2      | Noticed Robin
   709 | D:2      | Slain by an adder

Skill      XL: |  1 |
---------------+----+-----
Maces & Flails | 4 |  4.2
Fighting       | |  3.9
Armour         | |  2.6
Dodging        | |  2.4
Stealth        | |  0.4

Action                   || total
-------------------------++-------
Melee: Mace              ||    28
       Headbutt          ||     3
Invok: Berserk           ||     1
Armor: Animal skin       ||    17
Dodge: Dodged            ||    32
